M.Tatcher, neutral female human Valkyrie --- --- --- --- --..| ------|..---.-------..| ---.---- --...| --- --.--.--...|...|-......-----....|.-- - ---|...-- |..| --..........|...|...|c@..............| |.--..|..-- |..---- |...........--.|.|.----.-------.......-- -.......| --...|.-- -.......|.|...|...| |[| ----.....| --....--.| --.....------ |....>-----.--|..-- |.| |.....- |..... |.| --.........-- |-....|--...| --- |.--- ---....^^ ---...-|.| |..........---.....--....| |..[--- -...<.....| - --...|.--- -----................*...- |..[).---........- -.-----.|^..| ---- ---.........|.....--- |....).|...-....-- ...---|...|.--- --..----------.....---.)...| |.|.............- -....----.|...| |..................-|..)--- |.|---..--.......- ---..--|.|--.--- ---.|.................|...| |.-- |..|--....... --..--.| |...| |...|--------.--.--.|.|.--- |...|--- |......- |.....| --..---.--- --......|--|...| --..| --.)...| |-....| |......| ---.......------.-- |.--- --....- --.....---|....--- --...........| |...| |...-- |....- |.)......|--.--- |.......--...| --.| ---...| |...- --.--.--.| --- ----.|.----.-- --- |...| --..| ------ - ----- --- ----- --- M.Tatcher the Fighter Experience level: 9 Strength: 18 Dexterity: 15 Constitution: 18 Intelligence: 8 Wisdom: 11 Charisma: 5 Health: 64(66) Energy: 20(20) Def: 14 Gold: 848 Moves: 5518 Dungeon seed: Kw8dKo54hVFKC2uA Game ID: M.Tatcher_1458632876 Your Inventory: Coins $ - 848 gold pieces Weapons a - a +1 long sword (weapon in hand) b - a +0 dagger h - a +1 aklys j - a +0 boomerang p - a +0 orcish dagger r - 4 cursed +0 darts z - a corroded +0 dart G - 11 +0 darts (in quiver) K - 7 +2 darts R - 13 poisoned +0 orcish arrows Armor e - an uncursed +3 small shield (being worn) o - an uncursed +0 pair of iron shoes (being worn) q - an uncursed +0 dwarvish iron helm (being worn) N - an uncursed +0 dwarvish cloak (being worn) Y - an uncursed +0 dwarvish mithril-coat (being worn) Comestibles c - 3 uncursed food rations v - an uncursed tin of green slime M - an uncursed tin of violet fungus Scrolls i - an uncursed scroll of fire l - 2 uncursed scrolls of remove curse n - a blessed scroll of teleportation s - an uncursed scroll of light U - 3 cursed scrolls of teleportation V - a cursed scroll of fire Z - 2 cursed scrolls of enchant weapon Potions g - an uncursed potion of water k - 2 potions of holy water m - an uncursed potion of sleeping O - a cursed potion of gain ability T - an uncursed potion of sickness X - an uncursed potion of restore ability Wands t - a wand of polymorph (0:2) u - a wand of probing (0:2) w - a wand of magic missile (0:4) J - a cursed wand of striking (0:4) L - a wand of polymorph (0:2) P - a cursed wand of speed monster (0:2) Tools d - an uncursed mirror f - an uncursed leash x - a blessed wax candle (0:400) y - an uncursed magic whistle A - an uncursed partly used tallow candle (0:172) C - an uncursed tin whistle D - 7 cursed wax candles (0:400) E - 6 blessed tallow candles (0:200) F - a tinning kit (0:87) H - 17 uncursed tallow candles (0:200) I - 9 cursed tallow candles (0:200) Q - 2 uncursed wax candles (0:400) W - an uncursed tin whistle Spells and supernatural/magical abilities: Name Level Category Fail Memory W - pray for help -- divine ? -- Your skills at the end: Fighting Skills Weapon Skills dagger [Basic] long sword [Basic] Spellcasting Skills Final Attributes: You were piously aligned. You were cold resistant. You were poison resistant. You were telepathic. You were stealthy. You were lucky. You are dead. Vanquished creatures: 2 large mimics a small mimic a gargoyle a dwarf king a tengu a green slime a crocodile 2 quivering blobs a wolf 2 lynxes 2 giant spiders a yeti a dwarf lord a human zombie a rope golem a quasit a mountain nymph 8 Uruk-hai an orc shaman 2 yellow lights a violet fungus 6 gnome lords 6 gnomish wizards 2 gray oozes 3 elf zombies a ghoul 3 giant ants a floating eye 11 dwarves a kobold lord a kobold shaman a rothe a rabid rat a centipede 4 dwarf zombies a wererat an iguana an acid blob 2 hobbits 2 large kobolds a giant rat 5 cave spiders a yellow mold a green mold a red mold 33 gnomes 3 garter snakes a gnome zombie 3 geckos 3 jackals 3 foxes 3 goblins 7 sewer rats 7 grid bugs 2 bats 2 lichens 2 kobold zombies 7 newts 167 creatures vanquished. Voluntary challenges: You had been an atheist until turn 3463. You used a wielded weapon 272 times, starting on turn 174. You read items or engraved 23 times, starting on turn 1084. You never genocided any monsters. You never polymorphed an object. You never changed form. You used no wishes. You never split a pudding. You wrote Elbereth's name 14 times, starting on turn 1396. You never violated your personal moral code. Dungeon overview: The Dungeons of Doom: levels 1 to 7 Level 1 a long staircase Level 2 Level 3 some fountains stairs to The Gnomish Mines Level 4 a fountain Level 5 Level 6 a fountain Level 7 a fountain The Gnomish Mines: levels 4 to 10 Level 4 stairs to The Dungeons of Doom Level 5 Level 6 (Roi nain ici, attention il est fort!) Level 7 many shops, a temple to Odin, some fountains Level 8 <- You were here Level 9 Level 10 History has recorded: On T:1 you entered the Dungeons of Doom to retrieve the Amulet of Yendor! On T:368 you reached level 2 of The Dungeons of Doom. On T:704 you reached level 3 of The Dungeons of Doom. On T:710 you advanced to experience level 2. On T:869 you reached level 1 of The Gnomish Mines. On T:1000 you reached level 4 of The Dungeons of Doom. On T:1035 you reached level 5 of The Dungeons of Doom. On T:1180 you advanced to experience level 3. On T:1357 you reached level 6 of The Dungeons of Doom. On T:1911 you reached level 7 of The Dungeons of Doom. On T:2202 you advanced to experience level 4. On T:2376 you advanced to experience level 5. On T:2387 you reached level 2 of The Gnomish Mines. On T:2762 you reached level 3 of The Gnomish Mines. On T:2765 you advanced to experience level 6. On T:2800 you reached level 4 of The Gnomish Mines. On T:2830 you reached level 5 of The Gnomish Mines. On T:3570 you advanced to experience level 7. On T:4894 you reached level 6 of The Gnomish Mines. On T:4934 you reached level 7 of The Gnomish Mines. Score breakdown: Gold: 848 ( 9963 points) Experience: 9 levels (15756 points) Exploration: 10 levels ( 19.23%) (12602 points) Discoveries: 17 items ( 6.91%) ( 7886 points) Valuables value: (no points given unless you survive) Artifact value: 0 ( 0 points) Variety of kills: 58 monsters ( 15.22%) (11705 points) Turncount: 5518 turns (-1500 points) Survival: died (score multiplied by 80%) Total score: 45129 Latest messages: There are many more objects here. Your movements are slowed slightly because of your load. Test's ghost touches you! The cockatrice misses. (2x) Your limbs have turned to stone. You have turned to stone. The cockatrice bites! The cockatrice misses. You are a statue. Final status: Farvel M.Tatcher the Valkyrie, petrified by a cockatrice, while unable to move due to turning to stone... You turned to stone in The Gnomish Mines on dungeon level 8 with 45129 points, and 848 pieces of gold, after 5518 moves. You were level 9 with a maximum of 66 hit points when you turned to stone.